 Dungeon Crawl Stone Soup version bcrawl-1.19.2-6-g6a88ae04c9 (webtiles) character file.

Game seed: 5795298031933933563

1285 Mrkan the Shield-Bearer (level 8, -1/64 HPs)
             Began as a Formicid Fighter on Jan 7, 2020.
             Killed from afar by Dowan (17 damage)
             ... with a shard of ice
             ... on level 5 of the Dungeon.
             The game lasted 00:08:13 (5441 turns).

Mrkan the Shield-Bearer (Formicid Fighter)          Turns: 5441, Time: 00:08:14

Health: -1/64      AC:  8    Str: 26    XL:     8   Next: 85%
Magic:  8/8        EV:  8    Int:  9    God:
Gold:   360        SH: 10    Dex: 11    Spells: 7/7 levels left

rFire    . . .     SeeInvis +   h - +0 whip (venom)
rCold    . . .     Gourm    .   c - +0 shield
rNeg     . . .     Faith    .   b - +0 scale mail
rPois    .         Spirit   .   (helmet unavailable)
rElec    .         Reflect  .   (no cloak)
rCorr    .         Harm     .   t - +0 pair of gloves
MR       .....                  (no boots)
Stlth    ..........             (no amulet)
HPRegen  0.20/turn              (no ring)
MPRegen  0.11/turn              (no ring)

@: mighty, drained
A: permanent stasis, dig shafts and tunnels, four strong arms, antennae 3
a: Dig, Shaft Self


You were on level 5 of the Dungeon.
You were not hungry.

You visited 1 branch of the dungeon, and saw 5 of its levels.
You also visited: Sewer.

You collected 360 gold pieces.

Inventory:

Hand Weapons
 h - a +0 whip of venom (weapon)
 o - a +0 broad axe
Armour
 b - a +0 scale mail (worn)
 c - a +0 shield (worn)
 t - a +0 pair of gloves (worn)
Jewellery
 n - an uncursed amulet of magic regeneration {unknown}
Wands
 a - a wand of paralysis (7)
Scrolls
 e - 2 scrolls of enchant armour {unknown}
 g - 4 scrolls of identify {unknown}
 i - 2 scrolls of noise {unknown}
 l - 2 scrolls of fear {unknown}
 m - a scroll of magic mapping {unknown}
 p - 2 scrolls of remove curse {unknown}
 q - a scroll of enchant weapon {unknown}
 r - a scroll of blinking {unknown}
 s - a scroll of immolation {unknown}
Potions
 j - a potion of degeneration {unknown}
 k - 2 potions of cancellation {unknown}
 u - a potion of brilliance {unknown}
Comestibles
 f - 10 rations {!d}
 v - 2 chunks of flesh


   Skills:
 + Level 5.9(5.1) Fighting
 * Level 4.8(4.9) Axes
 - Level 4.2(4.6) Maces & Flails
 + Level 5.9(5.1) Armour
 + Level 6.5(5.7) Shields


You had 7 spell levels left.
You didn't know any spells.
Your spell library contained the following spells:

 Spells                   Type           Power        Failure   Level  Hunger
 Apportation              Tloc           #.....       87%         1    ##.....
 Infusion                 Chrm           #.......     87%         1    ##.....
 Sandblast                Erth           #.....       87%         1    ##.....
 Slow                     Hex            #.......     87%         1    ##.....
 Summon Butterflies       Summ           #.......     87%         1    ##.....


Dungeon Overview and Level Annotations

Branches:
Dungeon (5/12)             Temple (0/1) D:5

Altars:
Dithmenos
Okawaru
Sif Muna

Annotations:
D:5 Dowan


Innate Abilities, Weirdness & Mutations

You cannot be hasted, slowed, berserked, paralysed or teleported.
You can dig through walls and to a lower floor.
Your four strong arms can wield two-handed weapons with a shield.
You have a pair of large antennae on your head. (SInv)


Message History

Dowan is severely wounded.
Dowan barely misses you.
Dowan says, "Her death will not be in vain!"
Dowan barely misses you.
You barely miss Dowan.
Dowan is severely wounded.
Dowan points at you and mumbles some strange words.
The shard of ice hits you!
You closely miss Dowan.
Dowan is severely wounded.
You block Dowan's attack.
You miss Dowan.
Dowan is severely wounded.
Dowan shakes with grief.
Dowan casts a spell at you. The stone arrow hits you!
* * * LOW HITPOINT WARNING * * *
Dowan casts a spell at you. The shard of ice hits you!
You die...

...........#
#..##.
............
#....
............
..... ...........
.... #.[.....
#(.# ###..... ..#
##.... #e# ##†...
#@# #..... #.#
#..... #.##
#..### ##.# #..#
#.##### #..##
#.....### #...##
##......#####...#
######...# #.÷..
##..####..>


You could see Dowan.

Vanquished Creatures
  Duvessa (D:5)
  A sky beast (D:4)
  2 centaurs (D:5)
  2 bullfrogs
  A howler monkey (D:4)
  3 crimson imps
  A jelly (D:5)
  An orc priest (D:3)
  A hound (D:4)
  Jessica (D:2)
  Natasha (twice) (D:3)
  4 worker ants
  Robin (D:3)
  3 gnolls (D:2)
  11 adders
  2 river rats (D:4)
  A shadow imp (D:5)
  13 oozes
  An adder zombie (D:5)
  4 worms
  3 dart slugs
  13 leopard geckos
  4 orcs (D:3)
  7 bats
  12 giant cockroaches
  12 goblins
  16 hobgoblins
  2 jackals (D:5)
  5 quokkas
  12 ball pythons
  12 frilled lizards
  A jackal zombie (D:3)
  11 kobolds
  A quokka zombie (D:5)
  7 rats
174 creatures vanquished.

Notes
Turn   | Place    | Note
-------+----------+-------------------------------------------
     0 | D:1      | Mrkan the Formicid Fighter began the quest for the Orb.
     0 | D:1      | Reached XP level 1. HP: 18/18 MP: 1/1
   203 | D:1      | Reached XP level 2. HP: 24/24 MP: 2/2
   375 | D:1      | Reached XP level 3. HP: 28/29 MP: 3/3
   640 | D:1      | Reached skill level 4 in Shields
   874 | D:2      | Noticed Jessica
   900 | D:2      | Killed Jessica
   900 | D:2      | Reached XP level 4. HP: 26/37 MP: 4/4
  1125 | D:2      | Reached XP level 5. HP: 30/42 MP: 5/5
  1427 | D:2      | Found a shimmering blue altar of Sif Muna.
  1713 | D:3      | Noticed Natasha
  1723 | D:3      | Killed Natasha
  1746 | D:3      | Noticed Natasha
  1766 | D:3      | Noticed Robin
  1768 | D:3      | Killed Natasha
  1768 | D:3      | Reached XP level 6. HP: 25/48 MP: 6/6
  1780 | D:3      | Killed Robin
  2381 | D:3      | Found an iron altar of Okawaru.
  2755 | D:3      | Found a shadowy altar of Dithmenos.
  2868 | D:4      | Reached skill level 1 in Axes
  2868 | D:4      | Reached skill level 5 in Shields
  2874 | D:4      | Reached XP level 7. HP: 50/55 MP: 7/7
  2951 | D:4      | Found a glowing drain.
  2988 | Sewer    | Entered a sewer
  3700 | Sewer    | Reached skill level 5 in Fighting
  3700 | Sewer    | Reached skill level 5 in Armour
  3980 | D:4      | Reached XP level 8. HP: 53/62 MP: 8/8
  4449 | D:5      | Entered Level 5 of the Dungeon
  4471 | D:5      | Found a staircase to the Ecumenical Temple.
  4617 | D:5      | Reached skill level 6 in Shields
  5415 | D:5      | Noticed Duvessa
  5416 | D:5      | Noticed Dowan
  5434 | D:5      | Killed Duvessa
  5441 | D:5      | Killed from afar by Dowan

Skill      XL: |  1  2  3  4  5  6  7  8 |
---------------+-------------------------+-----
Shields        | 4 5 6 |  6.5
Maces & Flails | 3 4 |  4.2
Fighting       | 4 5 |  5.9
Armour         | 4 5 |  5.9
Axes           | 1 3 4 |  4.8

Action                   |  1- 3 |  4- 6 |  7- 9 || total
-------------------------+-------+-------+-------++-------
Melee: Flail             |    14 |       |       ||    14
       Whip              |    91 |   235 |   428 ||   754
  Use: Potion            |       |       |     1 ||     1
  Eat: Chunk             |       |     6 |    10 ||    16
Armor: Scale mail        |    42 |    73 |   175 ||   290
Dodge: Dodged            |    27 |    78 |   150 ||   255
Block: Shield            |    67 |   104 |   233 ||   404
